 Dungeon Crawl Stone Soup version 0.27.1-4-g1640c2035a (webtiles) character file.

Game seed: 15377928765301146454

5728 Crownlay the Carver (level 10, -5/145 HPs)
             Began as a Minotaur Berserker on Oct 31, 2021.
             Was an Elder of Trog.
             Slain by a yak (7 damage)
             ... on level 10 of the Dungeon.
             The game lasted 00:16:36 (8068 turns).

Crownlay the Carver (Minotaur Berserker)            Turns: 8068, Time: 00:16:37

Health: -5/145     AC:  1    Str: 24    XL:     10   Next: 48%
Magic:  9/9        EV: 12    Int:  4    God:    Trog [****..]
Gold:   520        SH:  8    Dex: 14    Spells: 9/9 levels left

rFire    + . .     SeeInvis .   x - +9 long sword of Wafesip {drain, Dex+3}
rCold    . . .     Faith    +   D - +3 warlock's mirror {reflect}
rNeg     + . .     Spirit   .   G - +1 leather armour of the Inquisitive Wishes {rF+ Slay+3}
rPois    +         Reflect  +   (helmet restricted)
rElec    .         Harm     .   r - +0 cloak
rCorr    .         Rampage  .   (no gloves)
Will     ++...                  (no boots)
Stlth    ..........             i - amulet of faith
HPRegen  1.34/turn              k - ring of poison resistance
MPRegen  0.11/turn              v - ring of positive energy

@: berserking (expiring), strong-willed, corroded, regenerating, slowed
A: horns 2, retaliatory headbutt
a: Renounce Religion, Berserk, Trog's Hand, Brothers in Arms


You were on level 10 of the Dungeon.
You worshipped Trog.
Trog was greatly pleased with you.
You visited 1 branch of the dungeon, and saw 10 of its levels.

You collected 520 gold pieces.

Inventory:

Hand Weapons
 x - the +9 long sword of Wafesip (weapon) {drain, Dex+3}
   (You found it on level 5 of the Dungeon)

   A truly terrible weapon, it drains the life of any living foe it strikes.
   Dex:       It affects your dexterity (+3).
Missiles
 y - 2 throwing nets (quivered)
Armour
 g - a +0 plate armour
 r - a +0 cloak (worn)
 D - the +3 warlock's mirror (worn) {reflect}
   (You acquired it on level 7 of the Dungeon)

   It can block and reflect piercing ranged attacks and magical attacks against
   the wielder's willpower.
 G - the +1 leather armour of the Inquisitive Wishes (worn) {rF+ Slay+3}
   (You found it on level 7 of the Dungeon)

   Slay:      It affects your accuracy & damage with ranged weapons and melee
   (+3).
   rF:        It protects you from fire.
Jewellery
 c - a ring of resist corrosion
 i - an amulet of faith (around neck)
 k - a ring of poison resistance (left hand)
 v - a ring of positive energy (right hand)
 K - an amulet of reflection
Wands
 l - a wand of charming (15)
 p - a wand of digging (10)
 A - a wand of iceblast (16)
Scrolls
 d - a scroll of identify
 e - 5 scrolls of noise {unknown}
 j - 3 scrolls of fear
 n - a scroll of acquirement
 o - 4 scrolls of amnesia
 t - a scroll of magic mapping {unknown}
 u - 2 scrolls of teleportation
 E - a scroll of immolation {unknown}
 H - a scroll of vulnerability {unknown}
 J - a scroll of fog {unknown}
 L - a scroll of torment {unknown}
Potions
 a - 2 potions of degeneration {unknown}
 b - 2 potions of heal wounds {unknown}
 f - 2 potions of flight {unknown}
 h - 3 potions of might
 m - a potion of berserk rage {unknown}
 q - a potion of magic {unknown}
 s - a potion of mutation {unknown}
 w - 2 potions of attraction {unknown}
 z - 2 potions of curing {unknown}
 B - a potion of lignification {unknown}
 C - a potion of resistance {unknown}
 F - a potion of brilliance {unknown}
 I - a potion of ambrosia {unknown}


   Skills:
 + Level 12.0 Fighting
 - Level 14.0 Long Blades
 - Level 2.4 Armour
 - Level 2.1 Dodging
 - Level 4.0 Shields


You had 9 spell levels left.
You didn't know any spells.
Your spell library was empty.

Dungeon Overview and Level Annotations

Branches:
Dungeon (10/15)            Temple (0/1) D:4            Lair (0/6) D:8
    Orc: D:9-12

Altars:
Ru

Shops:
D:9 *

Annotations:
D:10 Erica


Innate Abilities, Weirdness & Mutations

You have a pair of horns on your head.
You reflexively headbutt those who attack you in melee.


Message History

You feel strong-willed. Something hits you! Something burns you.
You fail to use your ability.
The acid dragon completely misses you. You block the acid dragon's attack.
Something hits you! Something burns you. You block the acid dragon's attack.
The acid dragon closely misses you. You block something's attack.
A red film seems to cover your vision as you go berserk!
You feel yourself moving faster!
You feel mighty! The acid dragon spits acid at you.
The splash of acid hits you!
You are splashed with acid!
Something barely misses you. The yak gores you!
You closely miss the acid dragon. Your headbutt misses the acid dragon.
The acid dragon is moderately wounded.
The acid dragon bites you! The acid dragon closely misses you.
You hear some strange, mumbled words.
A lance of force appears from out of thin air!
The lance of force hits you!
You are knocked back by the lance of force.
You slam into the stone wall!
* * * LOW HITPOINT WARNING * * *
The yak misses you. You furiously retaliate!
You headbutt the yak! You slice the acid dragon!!
You kill the acid dragon!
Trog accepts your kill.
You hear a zap.
A bolt of acid appears from out of thin air!
The bolt of acid misses you.
Your Fighting skill increases to level 12!
You closely miss something. You headbutt something!! The yak barely misses you.
You riposte.
You hit the yak. You headbutt the yak!
The yak is severely wounded.
You miss something.
You hear a zap.
A bolt of acid appears from out of thin air!
The bolt of acid hits you!!
* * * LOW HITPOINT WARNING * * *
The acid corrodes you!
You are splashed with acid!
* * * LOW HITPOINT WARNING * * *
The yak gores you!
You die...

# ##### .### ### ###.#<#
#..###...
#..##.##)####Y#.#..# ##
...#.#.)).<#@Y...#.##.#..
...........##{...#...#..##
..........#.YT....#.......
...........................
#...........................
.#....................>......
..#..........................
.............................
.............................


You could see 2 yaks and a troll.

Vanquished Creatures
  Pikel (D:6)
  A cyclops (D:6)
  A centaur zombie (D:10)
  Grinder (D:3)
  Sigmund (D:6)
  2 vampires
  A yak (D:10)
  A wyvern (D:8)
  An acid dragon (D:10)
  2 water moccasins (D:6)
  2 ice beasts (D:7)
  2 orc warriors
  A black bear (D:8)
  A hornet zombie (D:5)
  A necrophage (D:5)
  3 centaurs
  3 lemures (D:6)
  3 kobold brigands
  3 bullfrogs
  3 gnoll sergeants
  2 scorpions
  A wyvern skeleton (D:7)
  A jelly (D:6)
  8 wights
  2 electric eels (D:7)
  A howler monkey (D:8)
  2 bullfrog zombies
  2 bullfrog skeletons
  6 orc priests
  4 hounds
  A centaur skeleton (D:7)
  A gnoll shaman (D:9)
  2 iguanas (D:6)
  Terence (D:3)
  5 orc wizards
  Natasha (twice) (D:2)
  Robin (D:3)
  30 gnolls
  4 adders
  A shadow imp (D:7)
  3 dart slugs
  30 orcs
  7 ball pythons
  3 endoplasms
  2 giant cockroaches
  14 goblins
  12 hobgoblins
  22 kobolds
  3 quokkas (D:4)
  8 bats
  3 frilled lizards
  6 rats
224 creatures vanquished.

Notes
Turn   | Place    | Note
-------+----------+-------------------------------------------
     0 | D:1      | Crownlay the Minotaur Berserker began the quest for the
                  | Orb.
     0 | D:1      | Reached XP level 1. HP: 19/19 MP: 0/0
    97 | D:1      | Reached skill level 4 in Long Blades
   263 | D:1      | Reached XP level 2. HP: 21/27 MP: 1/1
  1546 | D:2      | Reached XP level 3. HP: 33/33 MP: 2/2
  1597 | D:2      | Noticed Natasha
  1604 | D:2      | Killed Natasha
  1604 | D:2      | Reached ** piety under Trog
  1605 | D:2      | Reached skill level 5 in Long Blades
  1712 | D:2      | Reached XP level 4. HP: 41/41 MP: 3/3
  1757 | D:2      | Noticed Natasha
  1763 | D:2      | Killed Natasha
  1850 | D:3      | Noticed Terence
  1857 | D:3      | Killed Terence
  1858 | D:3      | Reached skill level 6 in Long Blades
  1864 | D:3      | Reached XP level 5. HP: 44/47 MP: 4/4
  1864 | D:3      | Noticed Robin
  1877 | D:3      | Killed Robin
  1878 | D:3      | Reached skill level 5 in Fighting
  2288 | D:3      | Found a faded altar of an unknown god.
  2317 | D:3      | Noticed Grinder
  2328 | D:3      | Killed Grinder
  2329 | D:3      | Reached skill level 7 in Long Blades
  2329 | D:3      | Reached XP level 6. HP: 57/57 MP: 5/5
  2329 | D:3      | Reached *** piety under Trog
  2588 | D:4      | Found a staircase to the Ecumenical Temple.
  2613 | D:4      | Reached skill level 8 in Long Blades
  2666 | D:4      | Reached XP level 7. HP: 34/63 MP: 6/6
  3500 | D:5      | Entered Level 5 of the Dungeon
  3572 | D:5      | Reached **** piety under Trog
  3577 | D:5      | Identified the +9 long sword of Wafesip {drain, Dex+3}
  3593 | D:5      | Reached skill level 9 in Long Blades
  4101 | D:6      | You fall into a shaft and drop 3 floors!
  4105 | D:9      | Reached XP level 8. HP: 73/73 MP: 7/7
  4120 | D:9      | Reached skill level 10 in Long Blades
  4636 | D:8      | Reached skill level 11 in Long Blades
  4947 | D:6      | Noticed a cyclops
  4957 | D:6      | Killed a cyclops
  4958 | D:6      | Reached skill level 12 in Long Blades
  4958 | D:6      | Reached XP level 9. HP: 56/83 MP: 8/8
  5484 | D:6      | Noticed Pikel
  5489 | D:6      | Killed Pikel
  5492 | D:6      | Reached skill level 13 in Long Blades
  5503 | D:6      | Noticed Sigmund
  5509 | D:6      | Killed Sigmund
  5510 | D:6      | Reached skill level 10 in Fighting
  5717 | D:7      | Identified 2 scrolls of acquirement
  5723 | D:7      | Acquired the +3 warlock's mirror {reflect}
  5723 | D:7      | Found the +3 warlock's mirror {reflect}
  5763 | D:7      | Reached skill level 1 in Shields
  6171 | D:7      | Found a sacrificial altar of Ru.
  6377 | D:7      | Identified the +1 leather armour of the Inquisitive Wishes
                  | {rF+ Slay+3}
  6412 | D:7      | Reached XP level 10. HP: 71/94 MP: 9/9
  7166 | D:8      | Found a staircase to the Lair.
  7281 | D:9      | Found Atem's Assorted Antiques.
  7599 | D:9      | Reached skill level 14 in Long Blades
  7943 | D:10     | Entered Level 10 of the Dungeon
  8049 | D:10     | Noticed Erica
  8068 | D:10     | HP: 2/145 [acid (16)]
  8068 | D:10     | Slain by a yak

Illustrated notes

Levels and vault maps discovered:
D:1:      tarquinn_simple_flora_water_d, layout_basic, st_stairs_11,
          wad_floor_pattern_1, chequers_big_river, solitary_fountain
D:2:      layout_basic, minmay_pentomino_s2, uniq_natasha
D:3:      layout_rooms, ebering_ecumenical_altar_rust,
          kennysheep_generic_room_8, uniq_grinder, uniq_robin, uniq_terence
D:4:      layout_loops_ring, minmay_temple_entry_grid, grunt_decor_mini_mirrors
D:5:      layout_basic
D:6:      layout_gridville, uniq_pikel, uniq_sigmund
D:7:      layout_gridville, overflow_temple_1_default, water_boxes_lemuel
D:8:      layout_basic, lair_entry_dummy, lemuel_old_faithful
D:9:      layout_long_grid, serial_shops, nicolae_shop_overgrown_old_shop,
          grunt_ministairs_1
D:10:     layout_big_octagon, orc_0_dummy, hangedman_incinerator, uniq_snorg,
          uniq_erica

Skill      XL: |  1  2  3  4  5  6  7  8  9 10 |
---------------+-------------------------------+-----
Long Blades    | 4 5 6 7 8 9 12 13 14 | 14.0
Fighting       | 4 6 7 9 10 12 | 12.0
Shields        | 3 4 |  4.0
Armour         | |  2.4
Dodging        | |  2.1

Action                   |  1- 3 |  4- 6 |  7- 9 | 10-12 || total
-------------------------+-------+-------+-------+-------++-------
Melee: Falchion          |    60 |   103 |    51 |       ||   214
       Headbutt          |    11 |    17 |    45 |    16 ||    89
       Long sword        |       |       |   163 |    72 ||   235
Invok: Berserk           |     1 |     3 |    10 |     3 ||    17
       Trog's Hand       |       |     6 |    12 |     5 ||    23
  Use: Scroll            |       |       |     6 |       ||     6
Armor: Animal skin       |    10 |       |       |       ||    10
       Plate armour      |    13 |   105 |    77 |       ||   195
       Leather armour    |       |       |       |    17 ||    17
Dodge: Dodged            |    34 |    58 |    63 |    38 ||   193
Block: Buckler           |       |       |    12 |    31 ||    43
       Reflection        |       |       |     1 |     5 ||     6
       Rpst.: Falchion   |     8 |    12 |     6 |       ||    26
       Long sword        |       |       |    10 |     5 ||    15
